 Dungeon Crawl Stone Soup version 0.20.0-15-g7f486f2 (webtiles) character file.

3014 vishdafish the Cleaver (level 10, -4/79 HPs)
             Began as a Formicid Fighter on June 26, 2017.
             Was a Believer of Okawaru.
             Slain by a killer bee (6 damage)
             ... on level 12 of the Dungeon.
             The game lasted 00:15:12 (7354 turns).

vishdafish the Cleaver (Formicid Fighter)           Turns: 7354, Time: 00:15:14

Health: -4/79      AC:  7    Str: 24    XL:     10   Next: 10%
Magic:  12/12      EV: 10    Int:  7    God:    Okawaru [**....]
Gold:   330        SH: 11    Dex: 11    Spells: 9/9 levels left

rFire    . . .     SeeInvis +   a - +1 war axe
rCold    . . .     Gourm    .   c - +0 shield
rNeg     . . .     Faith    .   b - +0 scale mail
rPois    +         Spirit   .   (helmet unavailable)
rElec    .         Reflect  .   (no cloak)
rCorr    .         Harm     .   (no gloves)
MR       +....                  (no boots)
Stlth    ..........             (no amulet)
Regen    0.3/turn               g - ring of poison resistance
MPRegen  0.2/turn               (no ring)

@: no status effects
A: permanent stasis, dig shafts and tunnels, four strong arms, antennae 3
a: Dig, Shaft Self, Heroism, Renounce Religion


You were on level 12 of the Dungeon.
You worshipped Okawaru.
Okawaru was pleased with you.
You were not hungry.

You visited 2 branches of the dungeon, and saw 11 of its levels.

You collected 330 gold pieces.

Inventory:

Hand Weapons
 a - a +1 war axe (weapon)
Armour
 b - a +0 scale mail (worn)
 c - a +0 shield (worn)
Jewellery
 g - a ring of poison resistance (left hand)
Wands
 A - a wand of acid (7/15)
 C - a wand of enslavement (16/24)
 D - a wand of flame (29/48)
 F - a wand of lightning (13/15)
Scrolls
 d - 2 scrolls of fear {unknown}
 e - a scroll of teleportation
 n - a scroll of immolation {unknown}
 o - 3 scrolls of random uselessness {unknown}
 p - 2 scrolls of amnesia {unknown}
 r - 3 scrolls of remove curse
 t - a scroll of enchant weapon
 u - a scroll of blinking {unknown}
 v - a scroll of noise {unknown}
 w - 2 scrolls of recharging {unknown}
 x - a scroll of fog {unknown}
 y - 3 scrolls of acquirement {unknown}
Potions
 f - 4 potions of mutation {unknown}
 h - 2 potions of curing
 i - a potion of flight {unknown}
 j - a potion of brilliance {unknown}
 k - 2 potions of lignification
 m - a potion of degeneration {unknown}
 q - a potion of magic {unknown}
 E - a potion of berserk rage {unknown}
Books
 s - Sif Muna's Grimoire of the Arsonist
   (You found it on level 4 of the Dungeon)

   Spells                             Type                      Level
   a - Flame Tongue                   Conjuration/Fire             1
Comestibles
 B - a fruit


   Skills:
 + Level 7.0 Fighting
 * Level 8.3 Axes
 + Level 7.2 Armour
 - Level 1.4 Dodging
 + Level 7.7 Shields
 * Level 3.9 Invocations


You had 9 spell levels left.
You didn't know any spells.

Dungeon Overview and Level Annotations

Branches:
Dungeon (12/15)            Temple (1/1) D:4
   Lair: D:8-11         Orc: D:9-12

Altars:
Ashenzari
Cheibriados
Dithmenos
Elyvilon
Fedhas
Gozag
Hepliaklqana
Makhleb
Nemelex Xobeh
Okawaru
Qazlal
Ru
Sif Muna
Trog
Uskayaw
Vehumet
Xom
Yredelemnul
Zin
The Shining One


Innate Abilities, Weirdness & Mutations

You cannot be hasted, slowed, berserked, paralysed or teleported.
You can dig through walls and to a lower floor.
Your four strong arms can wield two-handed weapons with a shield.
You have a pair of large antennae on your head. (SInv)


Message History

The killer bee stings you but does no damage.
The killer bee stings you.
* * * LOW HITPOINT WARNING * * *
The killer bee stings you!
* * * LOW HITPOINT WARNING * * *
You feel better. The killer bee barely misses you.
You block the killer bee's attack. The killer bee stings you!
* * * LOW HITPOINT WARNING * * *
The killer bee stings you but does no damage.
You feel better. You block the killer bee's attack. x2
The killer bee stings you!
* * * LOW HITPOINT WARNING * * *
The killer bee stings you but does no damage.
You closely miss the killer bee.
The killer bee is heavily wounded.
You slash the killer bee! The killer bee barely misses you.
The killer bee stings you.
* * * LOW HITPOINT WARNING * * *
The killer bee stings you.
You die...

...<.######
..........#
.........+
.##.......#
..........#
##........#####
.....)†yy......
#@.......
#########


You could see 2 killer bees.

Vanquished Creatures
  Pikel (D:6)
  The ghost of Exporg the Covered, an amateur MiFi (D:3)
  An ice beast (D:6)
  An orc warrior (D:6)
  2 sky beasts
  A black bear (D:6)
  4 ogres
  A slave (D:6)
  2 phantoms
  A centaur (D:7)
  2 bullfrogs
  A water moccasin zombie (D:5)
  2 killer bees
  3 scorpions
  3 howler monkeys (D:7)
  A crimson imp (D:6)
  A bullfrog zombie (D:7)
  A jelly (D:5)
  A hound (D:4)
  3 orc priests
  8 orc wizards
  5 worker ants
  A hound zombie (D:7)
  A hound skeleton (D:11)
  3 gnolls
  5 adders
  A shadow imp (D:5)
  An ooze (D:4)
  A worm (D:3)
  4 dart slugs
  6 leopard geckos
  16 orcs
  7 giant cockroaches
  2 hobgoblins
  A jackal (D:6)
  4 quokkas
  2 ball pythons (D:1)
  7 bats
  6 frilled lizards
  12 goblins
  9 kobolds
  A quokka skeleton (D:5)
  10 rats
146 creatures vanquished.

Vanquished Creatures (others)
  A bullfrog skeleton (D:6)
  A howler monkey skeleton (D:6)
  An adder (D:6)
  An adder skeleton (D:6)
  2 jackals (D:6)
6 creatures vanquished.

Grand Total: 152 creatures vanquished

Notes
Turn   | Place    | Note
-------+----------+-------------------------------------------
     0 | D:1      | vishdafish the Formicid Fighter began the quest for the Orb.
     0 | D:1      | Reached XP level 1. HP: 18/18 MP: 1/1
   106 | D:1      | Reached XP level 2. HP: 24/24 MP: 2/2
   800 | D:2      | Reached XP level 3. HP: 29/30 MP: 3/3
  1060 | D:2      | Reached XP level 4. HP: 29/37 MP: 4/4
  1676 | D:3      | Noticed Exporg's ghost (amateur MiFi)
  1925 | D:3      | Killed Exporg's ghost
  1925 | D:3      | Reached skill level 4 in Axes
  1925 | D:3      | Reached skill level 1 in Dodging
  1925 | D:3      | Reached skill level 5 in Shields
  1925 | D:3      | Reached XP level 5. HP: 37/42 MP: 5/5
  1925 | D:3      | Reached XP level 6. HP: 43/48 MP: 6/6
  1949 | D:3      | Found a basalt altar of Yredelemnul.
  2254 | D:3      | Reached XP level 7. HP: 39/54 MP: 7/7
  2514 | D:3      | Found a faded altar of an unknown god.
  2894 | D:4      | Reached skill level 5 in Armour
  3199 | D:4      | Found a staircase to the Ecumenical Temple.
  3227 | Temple   | Entered the Ecumenical Temple
  3633 | D:4      | Found an iron altar of Okawaru.
  3645 | D:4      | Reached skill level 5 in Fighting
  3645 | D:4      | Reached skill level 5 in Axes
  3645 | D:4      | Reached XP level 8. HP: 62/62 MP: 8/8
  3660 | D:4      | Became a worshipper of Warmaster Okawaru
  3730 | D:4      | Found a deep blue altar of Sif Muna.
  4351 | D:4      | Identified Sif Muna's Grimoire of the Arsonist
  4446 | D:4      | Found a stormy altar of Qazlal.
  4449 | D:4      | Found a burning altar of Makhleb.
  4459 | D:4      | Found a glowing silver altar of Zin.
  4498 | D:5      | Entered Level 5 of the Dungeon
  4507 | D:5      | Reached skill level 6 in Axes
  4676 | D:5      | Got a polished lajatang
  4677 | D:5      | Identified the cursed +0 lajatang "Baalim" {drain, rPois Str-5 Int-5 Dex+8} (You found it on level 5 of the Dungeon)
  5107 | D:6      | Reached XP level 9. HP: 63/69 MP: 9/9
  5193 | D:6      | Noticed Pikel
  5206 | D:6      | Reached * piety under Okawaru
  5207 | D:6      | Killed Pikel
  5207 | D:6      | Reached skill level 7 in Axes
  5806 | D:6      | Reached skill level 1 in Invocations
  6243 | D:7      | Reached ** piety under Okawaru
  6330 | D:7      | Reached skill level 8 in Axes
  6407 | D:7      | Reached XP level 10. HP: 48/77 MP: 12/12
  6944 | D:8      | Noticed a two-headed ogre
  6986 | D:8      | You fall through a shaft for 3 floors!
  7349 | D:12     | HP: 3/79 [killer bee (8)]
  7354 | D:12     | HP: 2/79 [killer bee (4)]
  7354 | D:12     | Slain by a killer bee

Skill      XL: |  1  2  3  4  5  6  7  8  9 10 |
---------------+-------------------------------+-----
Shields        | 4 5 6 7 |  7.7
Armour         | 4 5 6 7 |  7.2
Fighting       | 4 5 6 7 |  7.0
Axes           | 4 5 6 8 |  8.3
Dodging        | 1 |  1.4
Invocations    | 3 |  3.9

Action                   |  1- 3 |  4- 6 |  7- 9 | 10-12 || total
-------------------------+-------+-------+-------+-------++-------
Melee: War axe           |    52 |   143 |   410 |    26 ||   631
 Abil: Dig               |       |     1 |     2 |       ||     3
       Shaft Self        |       |       |       |     1 ||     1
  Use: Potion            |       |     2 |     1 |     7 ||    10
       Scroll            |       |       |     5 |     1 ||     6
  Eat: Bread ration      |       |     1 |     1 |       ||     2
       Chunk             |       |       |     4 |       ||     4
       Royal jelly       |       |       |     1 |       ||     1
       Meat ration       |       |       |     1 |     1 ||     2
Armor: Scale mail        |    23 |    50 |   123 |    14 ||   210
Dodge: Dodged            |    29 |    59 |   136 |    29 ||   253
Block: Shield            |    29 |    97 |   260 |    36 ||   422
